 Dungeon Crawl Stone Soup version 0.25-a0-1073-gf4359a17dd (webtiles) character file.

Game seed: 3578068388500847277, levelgen mode: deterministic

5562 Esekla the Thaumaturge (level 10, 0/63 HPs)
             Began as an Octopode Wizard on May 14, 2020.
             Was a Believer of Vehumet.
             Slain by a komodo dragon (34 damage)
             ... on level 1 of the Lair of Beasts.
             The game lasted 01:30:27 (12219 turns).

Esekla the Thaumaturge (Octopode Wizard)           Turns: 12219, Time: 01:30:27

Health: 0/63       AC: 12    Str:  6    XL:     10   Next: 72%
Magic:  22/22      EV: 15    Int: 22    God:    Vehumet [**....]
Gold:   42         SH:  0    Dex: 13    Spells: 5/25 levels left

rFire    + . .     SeeInvis .   h - +0 scimitar (holy)
rCold    . . .     Gourm    .   (no shield)
rNeg     . . .     Faith    .   y - +1 hat
rPois    +         Spirit   .   (no amulet)
rElec    .         Reflect  .   F - +4 ring of protection
rCorr    .         Harm     .   (no ring)
MR       .....                  (no ring)
Stlth    ++........             (no ring)
HPRegen  0.20/turn              (no ring)
MPRegen  0.18/turn              (no ring)
                                (no ring)
                                (no ring)

@: confused, icy armour, stab
A: almost no armour, stealthy swim, amphibious, 8 rings, constrict 8, camouflage
1, fire resistance 1, poison resistance, gelatinous body 1
a: Renounce Religion


You were on level 1 of the Lair of Beasts.
You worshipped Vehumet.
Vehumet was pleased with you.
You were very hungry.

You visited 3 branches of the dungeon, and saw 11 of its levels.
You also visited: Sewer.

You collected 459 gold pieces.
You spent 417 gold pieces at shops.

Inventory:

Hand Weapons
 e - a +0 dagger of electrocution
 h - a +0 scimitar of holy wrath (weapon)
 t - a +0 trident
Missiles
 d - 3 silver boomerangs
 i - 2 javelins
 E - 16 poisoned darts (quivered)
Armour
 y - a +1 hat (worn)
Jewellery
 b - an uncursed ring of teleportation
 F - a +4 ring of protection (left tentacle)
 I - an uncursed amulet of faith {unknown}
Wands
 z - a wand of clouds (5)
 G - a wand of flame (17)
 H - a wand of digging (4)
Scrolls
 a - 3 scrolls of blinking
 j - 5 scrolls of enchant armour {unknown}
 l - 3 scrolls of teleportation {unknown}
 p - 2 scrolls of fear {unknown}
 r - a scroll of summoning {unknown}
 s - a scroll of amnesia {unknown}
 v - 3 scrolls of remove curse
 D - 2 scrolls of immolation {unknown}
Potions
 c - a potion of stabbing
 k - 2 potions of flight
 m - 2 potions of magic
 n - a potion of haste {unknown}
 o - a potion of resistance {unknown}
 q - a potion of ambrosia
 u - 4 potions of degeneration {unknown}
 w - 2 potions of brilliance
 x - 2 potions of curing
 A - a potion of might {unknown}
 B - 2 potions of experience {unknown}
 C - a potion of lignification {unknown}
Comestibles
 g - 10 rations


   Skills:
 + Level 3.9 Fighting
 + Level 3.7(4.2) Short Blades
 + Level 2.7(3.6) Long Blades
 + Level 1.8 Throwing
 + Level 4.8 Dodging
 - Level 2.6 Stealth
 * Level 8.3 Spellcasting
 + Level 3.7 Conjurations
 * Level 3.4 Hexes
 + Level 3.2 Charms
   Level 1.0 Summonings
 + Level 3.7 Translocations
 * Level 3.9 Ice Magic
 + Level 4.5 Air Magic
 + Level 4.0 Poison Magic


You had 5 spell levels left.
You knew the following spells:

 Your Spells              Type           Power        Failure   Level  Hunger
a - Magic Dart            Conj           ####         1%          1    None
b - Blink                 Tloc           N/A          2%          2    None
c - Mephitic Cloud        Conj/Pois/Air  ####....     4%          3    None
d - Tukima's Dance        Hex            ###.....     5%          3    None
e - Shock                 Conj/Air       ####         1%          1    None
f - Conjure Flame         Conj/Fire      ###.....     10%         3    None
i - Corona                Hex            ###....      1%          1    None
r - Frozen Ramparts       Ice            ####..       4%          3    None
z - Ozocubu's Armour      Chrm/Ice       ###.....     4%          3    None

Your spell library contained the following spells:

 Spells                   Type           Power        Failure   Level  Hunger
 Foxfire                  Conj/Fire      ###.         3%          1    None
 Freeze                   Ice            ####         1%          1    None
 Ensorcelled Hibernation  Hex/Ice        ####..       2%          2    None
 Slow                     Hex            ###.....     2%          2    None
 Dazzling Flash           Conj/Hex       ####..       4%          3    None
 Confusing Touch          Hex            ###.....     5%          3    None
 Sandblast                Erth           #.....       7%          1    None
 Call Imp                 Summ           ##......     7%          2    None
 Stone Arrow              Conj/Erth      ###...       10%         3    None
 Passwall                 Tmut/Erth      #.......     11%         2    None
 Hailstorm                Conj/Ice       ####....     14%         4    ###....
 Summon Ice Beast         Ice/Summ       ###.....     26%         4    ###....
 Petrify                  Tmut/Erth      #.......     56%         4    ###....
 Lee's Rapid Deconstruct  Erth           #.........   89%         5    #####..


Dungeon Overview and Level Annotations

Branches:
Dungeon (9/15)             Temple (1/1) D:4            Lair (1/6) D:8
    Orc (0/2) D:9           Sewer (visited)

Altars:
Ashenzari
Cheibriados
Dithmenos
Elyvilon
Fedhas
Gozag
Hepliaklqana
Kikubaaqudgha
Makhleb
Nemelex Xobeh
Okawaru
Qazlal
Ru
Sif Muna
Trog
Uskayaw
Vehumet
Wu Jian
Xom
Yredelemnul
Zin
The Shining One

Shops:
D:8 *   D:9 [(


Innate Abilities, Weirdness & Mutations

You cannot wear most types of armour.
You are very stealthy in the water. (Stealth+)
You are amphibious.
You can wear up to eight rings at the same time.
You can use your tentacles to constrict eight enemies at once.
Your skin changes colour to match your surroundings (Stealth+).
Your rubbery body absorbs attacks. (AC +1, EV +1)
Your flesh is heat resistant. (rF+)
Your system is resistant to poisons. (rPois)


Message History

The bullfrog seems to slow down.
The bullfrog hits you.
* * * LOW HITPOINT WARNING * * *
You constrict the bullfrog.
The wall freezes the bullfrog!
You kill the bullfrog!
Vehumet accepts your kill.
Throwing (i - inventory. (/) - cycle)
E - 19 poisoned darts (quivered)
Press: ? - help, Shift-Dir - straight line, f/p - komodo dragon
Aim: a komodo dragon (severely wounded, poisoned)
You throw a poisoned dart. The frozen ramparts melt away.
Throwing (i - inventory. (/) - cycle)
E - 18 poisoned darts (quivered)
Press: ? - help, Shift-Dir - straight line, f/p - komodo dragon
Aim: a komodo dragon (severely wounded, poisoned)
You throw a poisoned dart.
Throwing (i - inventory. (/) - cycle)
E - 17 poisoned darts (quivered)
Press: ? - help, Shift-Dir - straight line, f/p - komodo dragon
Aim: a komodo dragon (severely wounded, poisoned)
You throw a poisoned dart. The komodo dragon bites you!!
Ouch! That really hurt!
You die...

########
################ ###
........
#(....@l.......## #...
...P.#
##.######.......###....
....# ####......P....
...## ##. ###.........
....#.... ####
##......# .........
....## #.....#
.........
......#####......
......###
#......##....#..
#...### ####
###.........##


You could see a komodo dragon (poisoned).

Vanquished Creatures
  5 spiny frogs (Lair:1)
  A komodo dragon (Lair:1)
  A hippogriff (Lair:1)
  A wyvern (Lair:1)
  A hungry ghost (D:8)
  3 water moccasins
  3 orc warriors
  A sky beast (D:6)
  3 ogres
  2 centaurs
  8 big kobolds
  11 bullfrogs
  3 scorpions
  A howler monkey (D:6)
  2 crimson imps
  An orc wizard (D:4)
  3 bullfrog skeletons
  3 orc priests
  4 hounds
  2 centaur skeletons
  Natasha (thrice) (D:3)
  An iguana (D:6)
  6 worker ants
  10 adders
  4 river rats
  A shadow imp (D:5)
  6 oozes (Sewer)
  3 adder skeletons
  2 dart slugs
  7 worms
  2 leopard geckos
  15 orcs
  3 ball pythons
  7 bats
  4 goblins
  4 hobgoblins
  5 jackals (D:3)
  9 kobolds
  A quokka (D:3)
  5 frilled lizards
  A leopard gecko zombie (D:5)
  6 rats
  A fungus (D:8)
165 creatures vanquished.

Vanquished Creatures (others)
  A dancing weapon (D:4)
  7 fungi
  2 plants
10 creatures vanquished.

Grand Total: 175 creatures vanquished

Notes
Turn   | Place    | Note
-------+----------+-------------------------------------------
     0 | D:1      | Esekla the Octopode Wizard began the quest for the Orb.
     0 | D:1      | Reached XP level 1. HP: 11/11 MP: 4/4
   182 | D:3      | Gained mutation: Your flesh is heat resistant. (rF+)
                  | [potion of mutation]
   182 | D:3      | Gained mutation: Your system is resistant to poisons.
                  | (rPois) [potion of mutation]
   184 | D:3      | Reached XP level 2. HP: 14/17 MP: 1/6
   190 | D:3      | Noticed Natasha
   804 | D:3      | Reached skill level 1 in Short Blades
   804 | D:3      | Reached XP level 3. HP: 19/21 MP: 6/8
  1054 | D:3      | Found an ornate altar of the Wu Jian Council.
  1070 | D:3      | Learned a level 3 spell: Conjure Flame
  1073 | D:3      | Learned a level 2 spell: Blink
  1077 | D:3      | Learned a level 3 spell: Mephitic Cloud
  1145 | D:5      | Entered Level 5 of the Dungeon
  1167 | D:5      | HP: 1/21 [hound (5)]
  1169 | D:5      | Reached skill level 4 in Spellcasting
  1169 | D:5      | Reached XP level 4. HP: 9/27 MP: 7/10
  1171 | D:6      | Noticed a bullfrog
  1246 | D:5      | Found a snail-covered altar of Cheibriados.
  1332 | D:5      | Found a glowing drain.
  1451 | Sewer    | Entered a sewer
  1534 | Sewer    | Noticed a big kobold
  1808 | Sewer    | Reached XP level 5. HP: 24/32 MP: 6/11
  1911 | Sewer    | Noticed a big kobold
  1911 | Sewer    | Noticed a big kobold
  2277 | Sewer    | Noticed a big kobold
  2500 | Sewer    | Killed a big kobold
  2500 | Sewer    | Reached skill level 1 in Fighting
  2500 | Sewer    | Reached skill level 1 in Air Magic
  2500 | Sewer    | Reached skill level 1 in Poison Magic
  2608 | Sewer    | Noticed a big kobold
  2633 | Sewer    | Killed a big kobold
  2633 | Sewer    | Reached XP level 6. HP: 27/38 MP: 2/12
  3632 | Sewer    | Reached XP level 7. HP: 36/43 MP: 4/14
  3641 | Sewer    | Reached skill level 5 in Spellcasting
  3920 | D:6      | Learned a level 3 spell: Tukima's Dance
  3922 | D:6      | Learned a level 1 spell: Corona
  4264 | D:7      | Reached XP level 8. HP: 31/50 MP: 11/16
  5084 | D:5      | Reached skill level 1 in Hexes
  5461 | D:6      | Found a radiant altar of Vehumet.
  6201 | D:6      | Became a worshipper of Vehumet
  6592 | D:3      | Killed Natasha
  6653 | D:3      | Noticed Natasha
  6785 | D:3      | Killed Natasha
  6785 | D:3      | Reached skill level 6 in Spellcasting
  6809 | D:3      | Noticed Natasha
  6813 | D:3      | Killed Natasha
  7472 | D:3      | Reached * piety under Vehumet
  7472 | D:3      | Offered knowledge of Shock by Vehumet.
  7482 | D:3      | Learned a level 1 spell: Shock
  7919 | D:4      | Found a staircase to the Ecumenical Temple.
  7942 | Temple   | Entered the Ecumenical Temple
  7994 | D:4      | Reached XP level 9. HP: 40/55 MP: 18/18
  8706 | D:6      | Found a blossoming altar of Fedhas.
  9044 | D:7      | Found a stormy altar of Qazlal.
  9189 | D:7      | Learned a level 3 spell: Frozen Ramparts
  9193 | D:7      | Learned a level 3 spell: Ozocubu's Armour
  9686 | D:8      | Found Istiwid's Assorted Antiques.
  9724 | D:8      | Bought a scroll labeled GYSTIA ZURRYD for 28 gold pieces
  9724 | D:8      | Bought a runed scimitar for 196 gold pieces
  9724 | D:8      | Bought a bubbling white potion for 25 gold pieces
 10123 | D:8      | Bought a scroll labeled AKALAM SIESAHO for 28 gold pieces
 10278 | D:9      | Reached skill level 1 in Throwing
 10451 | D:9      | Reached ** piety under Vehumet
 10451 | D:9      | Reached skill level 1 in Ice Magic
 10468 | D:9      | Offered knowledge of Foxfire by Vehumet.
 10504 | D:9      | Reached skill level 1 in Charms
 10595 | D:9      | Found Neoll's Armour Shoppe.
 10599 | D:9      | Found a staircase to the Orcish Mines.
 10665 | D:9      | Found Zapt's Weapon Shoppe.
 10702 | D:9      | Reached skill level 1 in Long Blades
 10746 | D:9      | Noticed a cyclops
 10872 | D:8      | Bought a ruby ring for 140 gold pieces
 10906 | D:8      | Reached skill level 7 in Spellcasting
 11037 | D:8      | Reached XP level 10. HP: 50/63 MP: 5/20
 11163 | D:8      | Found a staircase to the Lair.
 11195 | Lair:1   | Entered Level 1 of the Lair of Beasts
 11217 | Lair:1   | Noticed a spiny frog
 11237 | Lair:1   | Noticed a spiny frog
 11247 | Lair:1   | Noticed a spiny frog
 11254 | Lair:1   | Killed a spiny frog
 11259 | Lair:1   | Noticed a spiny frog
 11321 | Lair:1   | Killed a spiny frog
 11449 | Lair:1   | Killed a spiny frog
 11541 | Lair:1   | Killed a spiny frog
 11658 | Lair:1   | Noticed a spiny frog
 11690 | Lair:1   | Reached skill level 8 in Spellcasting
 11875 | Lair:1   | Noticed a spiny frog
 11890 | Lair:1   | Killed a spiny frog
 12219 | Lair:1   | Slain by a komodo dragon

Illustrated notes

Levels and vault maps discovered:
D:1:      dpeg_arrival_arbitrary_c, layout_basic
D:2:      layout_rooms
D:3:      layout_rooms, nicolae_overflow_crystal_walls,
          kennysheep_generic_room_9, uniq_natasha
D:4:      layout_rooms, minmay_temple_entry_junction, first_ration
D:5:      layout_cave_pools, gup_sewer_entry_bowl, kennysheep_slug_shrine
D:6:      layout_loops_ring, fedhas_bush_and_centaur_altar, vehumet_crystals
D:7:      layout_loops_ring, lemuel_crystal_altar
D:8:      layout_rooms, grunt_lair_entry_orc_guard_hut, serial_shops,
          nicolae_shop_competitors_out_of_business, blue_anna_alchemist
          [blue_anna_fruit_fields, blue_anna_fruit_fields]
D:9:      layout_roguey, orc_david_3
Temple:   nicolae_temple_no_exploring_needed
Lair:1:   layout_hall_layers, beast_lair_carwin_8

Skill      XL: |  1  2  3  4  5  6  7  8  9 10 |
---------------+-------------------------------+-----
Short Blades   | 1 2 3 |  3.7
Spellcasting   | 4 5 6 7 8 |  8.3
Dodging        | 3 4 |  4.8
Fighting       | 1 2 3 |  3.9
Air Magic      | 1 2 3 4 |  4.5
Poison Magic   | 1 2 3 4 |  4.0
Translocations | 2 3 |  3.7
Conjurations   | 2 3 |  3.7
Hexes          | 1 2 3 |  3.4
Throwing       | 1 |  1.8
Ice Magic      | 2 3 |  3.9
Charms         | 1 3 |  3.2
Long Blades    | 1 2 |  2.7
Stealth        | |  2.6
Summonings     | |  1.0

Action                   |  1- 3 |  4- 6 |  7- 9 | 10-12 || total
-------------------------+-------+-------+-------+-------++-------
Melee: Short sword       |    47 |    76 |    72 |       ||   195
       Constrict         |    12 |    16 |    58 |     7 ||    93
       Tentacles         |     4 |    13 |    50 |    12 ||    79
       Dagger            |       |       |   103 |     1 ||   104
       Rapier            |       |       |    11 |       ||    11
       Scimitar          |       |       |    37 |    27 ||    64
Throw: Dart              |       |       |    40 |    11 ||    51
 Cast: Magic Dart        |    21 |    80 |   126 |    12 ||   239
       Blink             |       |       |     5 |     2 ||     7
       Mephitic Cloud    |       |       |     8 |     1 ||     9
       Tukima's Dance    |       |       |     8 |       ||     8
       Ozocubu's Armour  |       |       |    13 |     9 ||    22
       Frozen Ramparts   |       |       |    12 |     9 ||    21
       Shock             |       |       |       |    14 ||    14
  Use: Potion            |     3 |       |     1 |     4 ||     8
       Scroll            |     4 |       |     3 |       ||     7
 Stab: Sleeping          |     2 |    12 |    15 |     1 ||    30
       Confused          |       |       |     3 |       ||     3
       Distracted        |       |       |     1 |       ||     1
  Eat: Chunk             |     1 |       |    12 |     3 ||    16
       Ration            |       |     2 |     4 |       ||     6
Armor: Skin              |     7 |     3 |    28 |    23 ||    61
Dodge: Dodged            |    64 |    56 |   178 |    40 ||   338
       Rpst.: Scimitar   |       |       |    16 |    12 ||    28

Table legend:
 A = Non-vault XP
 B = Vault XP
 C = Vault XP percentage of total XP
 D = Non-vault monster count
 E = Vault monster count
 F = Vault count percentage of total count
                 A         B        C        D         E       F
            +---------+---------+-------+---------+---------+-------
      Total |    4335 |    3612 |  45.5 |     114 |      50 |  30.5
            +---------+---------+-------+---------+---------+-------
        D:1 |      18 |       0 |   0.0 |      10 |       0 |   0.0
        D:2 |      48 |       0 |   0.0 |      15 |       0 |   0.0
        D:3 |     198 |      38 |  16.1 |      20 |       2 |   9.1
        D:4 |     432 |       0 |   0.0 |      17 |       0 |   0.0
        D:5 |     239 |      21 |   8.1 |       6 |       4 |  40.0
        D:6 |     770 |     115 |  13.0 |      14 |       1 |   6.7
        D:7 |     326 |       0 |   0.0 |       6 |       0 |   0.0
        D:8 |     454 |     476 |  51.2 |       6 |       5 |  45.5
        D:9 |     646 |     138 |  17.6 |      14 |       4 |  22.2
     Lair:1 |    1204 |    1999 |  62.4 |       6 |       6 |  50.0
      Sewer |       0 |     825 | 100.0 |       0 |      28 | 100.0
            +---------+---------+-------+---------+---------+-------
